 Dungeon Crawl Stone Soup version 0.23-a0-164-g7711e57 (webtiles) character file.

23 topirishpotato the Vexing (level 3, -2/20 HPs)
             Began as a Kobold Arcane Marksman on Sept 11, 2018.
             Slain by a jackal (3 damage)
             ... on level 1 of the Dungeon.
             The game lasted 00:02:57 (243 turns).

topirishpotato the Vexing (Kobold Arcane Marksman)   Turns: 243, Time: 00:02:58

Health: -2/20      AC:  2    Str:  7    XL:     3   Next: 10%
Magic:  4/4        EV: 12    Int: 14    God:
Gold:   9          SH:  9    Dex: 16    Spells: 3/4 levels left

rFire    . . .     SeeInvis .   a - +0 hand crossbow
rCold    . . .     Gourm    .   h - +2 shield
rNeg     . . .     Faith    .   e - +0 robe
rPois    .         Spirit   .   (no helmet)
rElec    .         Reflect  .   (no cloak)
rCorr    .         Harm     .   (no gloves)
MR       .....                  (no boots)
Stlth    +.........             (no amulet)
HPRegen  0.06/turn              (no ring)
MPRegen  0.09/turn              (no ring)

@: no status effects
A: small, carnivore
a: no special abilities


You were on level 1 of the Dungeon.
You were not hungry.

You visited 1 branch of the dungeon, and saw 1 of its levels.

You collected 9 gold pieces.

Inventory:

Hand Weapons
 a - a +0 hand crossbow (weapon)
Missiles
 b - 26 stones (quivered)
Armour
 e - a +0 robe (worn)
 h - a +2 shield (worn)
Scrolls
 c - 3 scrolls of teleportation {unknown}
 g - a scroll of identify {unknown}
Comestibles
 f - 2 rations


   Skills:
 - Level 1.1 Fighting
 + Level 3.2 Crossbows
 - Level 2.4 Dodging
 + Level 1.3 Spellcasting
 + Level 3.5 Hexes


You had 3 spell levels left.
You knew the following spells:

 Your Spells              Type           Power        Failure   Level  Hunger
a - Corona                Hex            ##.....      38%         1    ##.....

Your spell library contained the following spells:

 Spells                   Type           Power        Failure   Level  Hunger
 Slow                     Hex            ##......     54%         2    ###....
 Inner Flame              Hex/Fire       #.......     95%         3    ####...
 Portal Projectile        Hex/Tloc       #.....       95%         3    ####...
 Cause Fear               Hex            ##........   99%         4    #####..
 Leda's Liquefaction      Hex/Erth       #.........   100%        4    #####..


Dungeon Overview and Level Annotations

Branches:
Dungeon (1/15)

Altars:


Innate Abilities, Weirdness & Mutations

You are small and have problems with some larger weapons.
You are carnivorous and can eat meat at any time.


Message History

* * * LOW HITPOINT WARNING * * *
The jackal bites you.
* * * LOW HITPOINT WARNING * * *
Throwing (i - inventory)
b - 28 stones (quivered)
Press: ? - help, Shift-Dir - straight line, f/p - leopard gecko
Aim: a leopard gecko You throw a stone.
The stone hits the leopard gecko but does no damage.
You block the jackal's attack. x2; The leopard gecko closely misses you.
Throwing (i - inventory)
b - 27 stones (quivered)
Press: ? - help, Shift-Dir - straight line, f/p - leopard gecko
Aim: a leopard gecko (clinging)
You throw a stone.
The stone hits the jackal but does no damage.
You block the jackal's attack. The leopard gecko closely misses you.
The leopard gecko bites you.
* * * LOW HITPOINT WARNING * * *
The jackal barely misses you. The jackal bites you.
You die...

.... .. ........ #..##
.......... #.#..
........... #....
#.......... #...(###
#.......... #......#+#
#..........
#.......l#+####..........
#..@.l÷r##..........
#'##hg.(.#..........
#.†####..).......... #..#
#+#.(...)).... #..#
##.......... #.<#
#.....##... ####
#...####.## !...## #.#
#....# #.#


You could see 2 leopard geckos, a jackal, a goblin and a rat.

Vanquished Creatures
  A leopard gecko (D:1)
  2 giant cockroaches (D:1)
  3 goblins (D:1)
  2 hobgoblins (D:1)
  3 jackals (D:1)
  4 bats (D:1)
  2 frilled lizards (D:1)
  A kobold (D:1)
  3 rats (D:1)
21 creatures vanquished.

Notes
Turn   | Place    | Note
-------+----------+-------------------------------------------
     0 | D:1      | topirishpotato the Kobold Arcane Marksman began the quest
                  | for the Orb.
     0 | D:1      | Reached XP level 1. HP: 12/12 MP: 2/2
    43 | D:1      | Reached XP level 2. HP: 10/16 MP: 3/3
   199 | D:1      | Reached XP level 3. HP: 16/20 MP: 4/4
   237 | D:1      | HP: 1/20 [jackal (1)]
   243 | D:1      | Slain by a jackal

Vault maps used:
D:1:      dpeg_arrival_short_road

Skill      XL: |  1  2 |
---------------+-------+-----
Crossbows      | 3 |  3.2
Fighting       | |  1.1
Dodging        | |  2.4
Spellcasting   | |  1.3
Hexes          | |  3.5

Action                   || total
-------------------------++-------
 Fire: Hand crossbow     ||    57
Throw: Stone             ||     5
Armor: Robe              ||     4
Dodge: Dodged            ||    33
Block: Shield            ||    12

Table legend:
 A = Non-vault XP
 B = Vault XP
 C = Vault XP percentage of total XP
 D = Non-vault monster count
 E = Vault monster count
 F = Vault count percentage of total count
                 A         B        C        D         E       F
            +---------+---------+-------+---------+---------+-------
      Total |      33 |       0 |   0.0 |      21 |       0 |   0.0
            +---------+---------+-------+---------+---------+-------
        D:1 |      33 |       0 |   0.0 |      21 |       0 |   0.0
            +---------+---------+-------+---------+---------+-------
